 Dungeon Crawl Stone Soup version 0.22-a0-388-g09e6169 (webtiles) character file.

52 Mgcat the Insei (level 3, 0/23 HPs)
             Began as an Octopode Transmuter on Apr 29, 2018.
             Succumbed to a kobold's poison
             ... on level 3 of the Dungeon.
             The game lasted 00:03:12 (1963 turns).

Mgcat the Insei (Octopode Transmuter)               Turns: 1963, Time: 00:03:12

Health: 0/23       AC:  1    Str:  9    XL:     3   Next: 85%
Magic:  6/6        EV: 13    Int: 16    God:
Gold:   99         SH:  0    Dex: 12    Spells: 0/6 levels left

rFire    . . .     SeeInvis .     - Unarmed
rCold    . . .     Gourm    .   (no shield)
rNeg     . . .     Faith    .   (helmet restricted)
rPois    .         Spirit   .   (no amulet)
rElec    .         Reflect  .   (no ring)
rCorr    .         Harm     .   (no ring)
MR       .....                  (no ring)
Stlth    ++........             (no ring)
HPRegen  0.07/turn              (no ring)
MPRegen  0.10/turn              (no ring)
                                (no ring)
                                (no ring)

@: lethally poisoned (0 -> -13)
A: almost no armour, stealthy swim, amphibious, 8 rings, constrict 8, camouflage
1, gelatinous body 1
a: no special abilities


You were on level 3 of the Dungeon.
You were near starving.

You visited 1 branch of the dungeon, and saw 3 of its levels.

You collected 99 gold pieces.

Inventory:

Missiles
 a - 46 arrows
 b - 103 stones (quivered)
 l - a throwing net {=f, !d}
Scrolls
 d - a scroll of fear {unknown}
 e - a scroll of teleportation {unknown}
 g - 3 scrolls of identify {unknown}
 h - 2 scrolls of enchant armour {unknown}
 i - 2 scrolls of remove curse {unknown}
Comestibles
 c - 4 rations


   Skills:
 - Level 1.0 Fighting
 - Level 2.0 Dodging
 + Level 3.8 Unarmed Combat
 - Level 2.0 Spellcasting
 + Level 3.1 Transmutations
 + Level 0.8 Poison Magic


You couldn't memorise any spells.
You knew the following spells:

 Your Spells              Type           Power        Failure   Level  Hunger
a - Beastly Appendage     Tmut           ##....       6%          1    #......
b - Sticks to Snakes      Tmut           ##......     9%          2    ###....
c - Spider Form           Tmut/Pois      #.........   28%         3    ###....


Dungeon Overview and Level Annotations

Branches:
Dungeon (3/15)

Altars:
Ashenzari
Hepliaklqana
Nemelex Xobeh
The Shining One


Innate Abilities, Weirdness & Mutations

You cannot wear most types of armour.
You are very stealthy in the water. (Stealth+)
You are amphibious.
You can wear up to eight rings at the same time.
You can use your tentacles to constrict eight enemies at once.
Your skin changes colour to match your surroundings (Stealth+).
Your rubbery body absorbs attacks. (AC +1, EV +1)


Message History

You closely miss the adder. Your grab misses the adder.
Your tentacle spike misses the adder.
The adder is almost dead.
You feel sick. The adder closely misses you.
You miss the adder. Your grab misses the adder. Your squeeze misses the adder.
The adder is almost dead.
You feel sick. The adder completely misses you.
You closely miss the adder. You grab the adder.
You kill the adder!
Your transformation is almost over.
You feel sick.
It was a potion of resistance.
You feel protected.
* * * LOW HITPOINT WARNING * * *
You feel sick.
It was a potion of cancellation.
Your magical effects are unravelling.
You feel magically purged.
Your tentacle spike disappears.
Your resistance to elements expires.
It was a potion of lignification.
You turn into a tree.
Your roots penetrate the ground.
* * * LOW HITPOINT WARNING * * *
You feel sick.
It was a potion of heal wounds.
You feel much better.
You feel sick.
Unknown command.
Unknown command.
You start resting.
You feel sick. x7
Your transformation is almost over.
You start resting.
You feel sick. x2
You feel less wooden.
You feel sick.
You are no longer poisoned.
A kobold opens the door.
It is wielding a dagger.
There is a stone staircase leading up here.
You climb upwards.
There is a stone staircase leading down here.
HP restored.
Done exploring.
Done exploring.
Done exploring.
Done exploring.
You start resting.
You are near starving!
You climb downwards.
There is a stone staircase leading up here.
Casting: Beastly Appendage (safe; 6% risk of failure)
Confirm with . or Enter, or press ? or * to list all spells.
One of your tentacles grows a vicious spike.
The kobold unwields an uncursed dagger.
The kobold wields a blowgun.
The kobold shoots a poisoned needle.
The poisoned needle barely misses you.
The kobold shoots a poisoned needle.
The poisoned needle hits you!
You are poisoned.
You see here a poisoned needle.
You feel sick.
The kobold shoots a poisoned needle.
The poisoned needle hits you!
You are lethally poisoned!
You see here a poisoned needle.
You feel sick.
The kobold shoots a poisoned needle.
The poisoned needle hits you!
You are more poisoned.
You see here a poisoned needle.
You are too injured to fight recklessly!
Your transformation is almost over.
You feel sick.
The kobold shoots a poisoned needle.
The poisoned needle hits you.
You are more poisoned.
You see here a poisoned needle.
You feel very sick.
The kobold unwields an uncursed blowgun.
The kobold wields an uncursed dagger.
The kobold closely misses you.
You tentacle-slap the kobold.
You kill the kobold!
You feel sick.
You feel sick.
Items here: ( )) † an uncursed dagger; an uncursed blowgun; 9 poisoned needles; a kobold corpse You feel sick.
You feel sick.
Items here: ( )) † an uncursed dagger; an uncursed blowgun; 9 poisoned needles; a kobold corpse
* * * LOW HITPOINT WARNING * * *
You feel sick.
There is an open door here.
* * * LOW HITPOINT WARNING * * *
You feel sick.
* * * LOW HITPOINT WARNING * * *
You feel sick.
Okay, then.
Unknown command.
You aren't carrying any potions.
Unknown command.
Unknown command.
Unknown command.
Unknown command.
Your tentacle spike disappears.
* * * LOW HITPOINT WARNING * * *
You feel sick.
* * * LOW HITPOINT WARNING * * *
You feel sick.
You die...

.....(...............
..##...<............#
#....(((......#
#.......(.)...#
##...######'###
##...# #.....# .....#
#.....#
....%.####.....#
.........@.....##
#..............#
....#......### ...
#......# . #......#
#......# #......#
#......#


There were no monsters in sight!

Vanquished Creatures
  2 adders
  2 dart slugs
  A leopard gecko (D:2)
  2 giant cockroaches (D:1)
  4 goblins
  3 hobgoblins
  2 jackals (D:1)
  4 bats
  3 frilled lizards (D:1)
  4 kobolds
  2 rats (D:1)
29 creatures vanquished.

Notes
Turn   | Place    | Note
-------+----------+-------------------------------------------
     0 | D:1      | Mgcat the Octopode Transmuter began the quest for the Orb.
     0 | D:1      | Reached XP level 1. HP: 13/13 MP: 3/3
   389 | D:1      | Reached XP level 2. HP: 18/18 MP: 3/5
   393 | D:1      | Learned a level 2 spell: Sticks to Snakes
  1101 | D:2      | Found a sparkling altar of Nemelex Xobeh.
  1200 | D:2      | Found a glowing golden altar of the Shining One.
  1255 | D:2      | Reached XP level 3. HP: 23/23 MP: 4/6
  1260 | D:2      | Learned a level 3 spell: Spider Form
  1379 | D:2      | Found a shattered altar of Ashenzari.
  1389 | D:2      | Found a hazy altar of Hepliaklqana.
  1553 | D:2      | Reached skill level 3 in Transmutations
  1792 | D:3      | HP: 8/34 [poisoned by an adder]
  1959 | D:3      | HP: 5/23 [poisoned by a kobold]
  1961 | D:3      | HP: 2/23 [poisoned by a kobold]
  1963 | D:3      | Succumbed to a kobold's poison

Vault maps used:
D:1:      onia_arrival_mini_spirals
D:2:      nemelex_xobeh_ov_fountains_minmay, lemuel_round_altar,
          old_standard_altar, first_ration, minmay_misc_feat_tower,
          ashenzari_altar_1
D:3:      minivault_27, uniq_robin

Skill      XL: |  1  2  3 |
---------------+----------+-----
Transmutations | 3 |  3.1
Fighting       | |  1.0
Dodging        | |  2.0
Unarmed Combat | |  3.8
Spellcasting   | |  2.0
Poison Magic   | |  0.8

Action                   || total
-------------------------++-------
Melee: Unarmed           ||    60
       Constrict         ||    19
       Kick              ||    13
       Tentacles         ||     5
       Punch             ||     2
 Cast: Beastly Appendage ||    25
  Use: Potion            ||     4
 Stab: Sleeping          ||     2
  Eat: Chunk             ||     2
Armor: Skin              ||     4
Dodge: Dodged            ||    45

Table legend:
 A = Spawn XP
 B = Non-spawn XP
 C = Spawn XP percentage of total XP
 D = Spawn monster count
 E = Non-spawn monster count
 F = Spawn count percentage of total count
 G = Total turns spent on level
                    A         B        C        D         E        F      G
               +---------+---------+-------+---------+---------+-------+---------
         Total |       0 |      75 |   0.0 |       0 |      29 |   0.0 |  1963
               +---------+---------+-------+---------+---------+-------+---------
           D:1 |       0 |      31 |   0.0 |       0 |      20 |   0.0 |  1101
           D:2 |       0 |      29 |   0.0 |       0 |       7 |   0.0 |   753
           D:3 |       0 |      15 |   0.0 |       0 |       2 |   0.0 |   109
               +---------+---------+-------+---------+---------+-------+---------

Vault maps used:
D:1:      onia_arrival_mini_spirals
D:2:      nemelex_xobeh_ov_fountains_minmay, lemuel_round_altar,
          old_standard_altar, first_ration, minmay_misc_feat_tower,
          ashenzari_altar_1
D:3:      minivault_27, uniq_robin

Table legend:
 A = Turns spent in this place as a percentage of turns spent in the entire game.
 B = Non-inter-level travel turns spent in this place as a percentage of non-inter-level travel turns spent in the entire game.
 C = Inter-level travel turns spent in this place as a percentage of turns spent in this place.
 D = Turns resting spent in this place as a percentage of non-inter-level travel turns spent in this place.
 E = Turns spent auto-exploring this place as a percentage of non-inter-level travel turns spent in this place.
 F = Non-inter-level travel turns spent in this place divided by the number of levels of this place that you've seen.
                   A       B       C       D       E      F
               +-------+-------+-------+-------+-------+----------------------
         Total | 100.0 | 100.0 |   2.0 |   2.8 |  84.8 | 641.3
       Dungeon | 100.0 | 100.0 |   2.0 |   2.8 |  84.8 | 641.3
               +-------+-------+-------+-------+-------+----------------------

Table legend:
 A = Kills in this place as a percentage of kills in entire the game.
 B = Kills by you in this place as a percentage of kills by you in the entire game.
 C = Kills by friends in this place as a percentage of kills by friends in the entire game.
 D = Other kills in this place as a percentage of other kills in the entire game.
 E = Experience gained in this place as a percentage of experience gained in the entire game.
 F = Experience gained in this place divided by the number of levels of this place that you have seen.
                   A       B       C       D       E      F
               +-------+-------+-------+-------+-------+----------------------
         Total | 100.0 | 100.0 |   N/A |   N/A | 100.0 |  25.0
       Dungeon | 100.0 | 100.0 |   N/A |   N/A | 100.0 |  25.0
               +-------+-------+-------+-------+-------+----------------------
